 Dungeon Crawl Stone Soup version 0.28-a0-823-gb444dcf96d (webtiles) character file.

Game seed: 3049436767293935903

1 meatgazer the Skirmisher (level 1, -2/18 HPs)
             Began as a Demonspawn Abyssal Knight on Nov 9, 2021.
             Was an Initiate of Lugonu.
             Succumbed to a kobold's poison
             ... on level 1 of the Dungeon.
             The game lasted 00:01:03 (90 turns).

meatgazer the Skirmisher (Demonspawn Abyssal Knight)  Turns: 90, Time: 00:01:04

Health: -2/18      AC:  3    Str: 16    XL:     1   Next: 16%
Magic:  2/2        EV: 11    Int: 11    God:    Lugonu [......]
Gold:   0          SH:  0    Dex: 13    Spells: 0/0 levels left

rFire   . . .      SeeInvis .   d - +0 falchion of the Bespelling Seeker {vorpal, *Rage rN++ rCorr Str+3}
rCold   . . .      Faith    .   (no shield)
rNeg    + + .      Spirit   .   b - +0 leather armour
rPois   .          Reflect  .   (no helmet)
rElec   .          Harm     .   (no cloak)
rCorr   +          Rampage  .   (no gloves)
Will    .....      Rage     20% (no boots)
Stlth   +.........              (no amulet)
HPRegen 0.06/turn               (no ring)
MPRegen 0.08/turn               (no ring)

@: lethally poisoned (-2 -> -14)
A: no striking features
a: Renounce Religion


You were on level 1 of the Dungeon.
You worshipped Lugonu.
Lugonu was noncommittal.
You visited 1 branch of the dungeon, and saw 1 of its levels.
You visited the Abyss 1 time.

Inventory:

Hand Weapons
 a - a +1 falchion
 d - the +0 falchion of the Bespelling Seeker (weapon) {vorpal, *Rage rN++ rCorr Str+3}
   (You found it on level 2 of the Abyss)

   It inflicts extra damage upon your enemies.
   Str:       It affects your strength (+3).
   rN:        It greatly protects you from negative energy.
   *Rage:     It berserks you when you make melee attacks (+20% chance).
   rCorr:     It protects you from acid and corrosion.
 e - the +1 hand crossbow of Reinforcement {venom, Contam Will+ rCorr}
   (You found it on level 2 of the Abyss)

   Any ammunition fired from it poisons the flesh of those it strikes.
   Contam:    It causes magical contamination when unequipped.
   rCorr:     It protects you from acid and corrosion.
   Will:      It increases your willpower.
Armour
 b - a +0 leather armour (worn)
Wands
 c - a wand of charming (8)


   Skills:
 + Level 3.0 Fighting
 + Level 1.8 Long Blades
 - Level 1.7 Armour
 - Level 0.8 Dodging
 + Level 2.4 Invocations


You couldn't memorise any spells.
You didn't know any spells.
Your spell library was empty.

Dungeon Overview and Level Annotations

Branches:
Dungeon (1/15)

Altars:


Message History

You pass through the gate.
You can no longer depart the Abyss at will.
There is a staircase leading out of the dungeon here.
You feel stronger.
d - the +0 falchion of the Bespelling Seeker (weapon)
{vorpal, *Rage rN++ rCorr Str+3} Magic restored.
As you open the large door, it creaks loudly!
Found a stone staircase leading down.
There is a large open door here.
There is a large open door here. 2 kobolds come into view.
A kobold is wielding a +0 short sword of venom.
The kobold shouts!
You hear a bark! x2
An endoplasm comes into view.
Found a scroll labelled FUSEFY APIN.
The endoplasm quivers.
The endoplasm moves out of view. 2 jackals and a goblin come into view.
The jackal barks!
The goblin shouts!
You hear an angry hiss.
Found 11 gold pieces.
The kobold closely misses you.
The endoplasm hits you but does no damage.
You hit the endoplasm.
You kill the endoplasm!
Lugonu accepts your kill.
The kobold hits you with a +0 short sword of venom.
You are poisoned.
You hit the kobold.
The kobold is heavily wounded.
You feel very sick.
The kobold hits you with a +0 short sword of venom.
You are more poisoned.
The kobold misses you. The jackal closely misses you.
You are too injured to fight recklessly!
You are too injured to fight recklessly!
* * * LOW HITPOINT WARNING * * *
You feel very sick. The kobold barely misses you.
* * * LOW HITPOINT WARNING * * *
You feel very sick.
You die...

.# ##.## ##...##
##.....#####
..........#
.........#
############K.......#
#.........@.Kh.......
+..>....#####h....?.#
#......## #.......#
###'#### #.......#
##'## $........ #...#
##.###### #.<.# .#
+...# .# ##### .#


You could see 2 jackals and 2 kobolds.

Vanquished Creatures
  An endoplasm (D:1)
1 creature vanquished.

Notes
Turn   | Place    | Note
-------+----------+-------------------------------------------
     0 | Abyss:1  | meatgazer the Demonspawn Abyssal Knight began the quest for
                  | the Orb.
     0 | Abyss:1  | Reached XP level 1. HP: 18/18 MP: 2/2
    17 | Abyss:2  | Noticed a large abomination
    45 | Abyss:2  | Noticed a thrashing horror
    50 | Abyss:2  | Identified the +0 falchion of the Bespelling Seeker
                  | {vorpal, *Rage rN++ rCorr Str+3}
    54 | Abyss:2  | Identified the +1 hand crossbow of Reinforcement {venom,
                  | Contam Will+ rCorr}
    56 | D:1      | Escaped the Abyss
    90 | D:1      | Succumbed to a kobold's poison

Illustrated notes

Levels and vault maps discovered:
D:1:      dpeg_arrival_simpleton_b, layout_loops_ring,
          shapermc_ecumenical_altar_mp_highgroup

Action                   || total
-------------------------++-------
Melee: Falchion          ||     2
Invok: Depart the Abyss  ||     1
Armor: Leather armour    ||     1
Dodge: Dodged            ||     4

Table legend: (Time is in decaauts)
 A = Elapsed time spent in this place.
 B = Non-inter-level travel time spent in this place.
 C = Inter-level travel time spent in this place.
 D = Time resting spent in this place.
 E = Time spent auto-exploring this place.
 F = Levels seen in this place.
 G = Mean time per level.
                   A        B        C        D        E       F      G
               +--------+--------+--------+--------+--------+-----+--------+
         Total |     90 |     90 |      0 |      0 |     34 |   3 |   30.0 |
       Dungeon |     33 |     33 |      0 |      0 |     24 |   1 |   33.0 |
         Abyss |     56 |     56 |      0 |      0 |     10 |   2 |   28.0 |
               +--------+--------+--------+--------+--------+-----+--------+

Top non-repeatable levels by time:
 Abyss:2: 44 daAuts
     D:1: 33 daAuts
 Abyss:1: 12 daAuts
